 Dungeon Crawl Stone Soup version 0.20-a0-681-gf83e07f (webtiles) character file.

758 Alarkh the Grave Robber (level 7, -4/48 HPs)
             Began as a Mummy Necromancer on Feb 18, 2017.
             Was an Initiate of Gozag.
             Collided with a rock wall (7 damage)
             ... caused by junb69's ghost
             ... on level 5 of the Dungeon.
             The game lasted 00:08:56 (3895 turns).

Alarkh the Grave Robber (Mummy Necromancer)         Turns: 3895, Time: 00:08:58

Health: -4/48      AC:  3    Str: 11    XL:     7   Next: 50%
Magic:  17/17      EV: 12    Int: 16    God:    Gozag
Gold:   420        SH:  0    Dex: 13    Spells: 8/20 levels left

rFire    x . .     SeeInvis .   a - +0 flail
rCold    + . .     Gourm    .   p - +1 robe
rNeg     + + +     Faith    .   (no shield)
rPois    ∞         Spirit   .   (no helmet)
rElec    .         Reflect  .   (no cloak)
rCorr    .         Harm     .   (no gloves)
MR       +....                  (no boots)
Stlth    ++........             (no amulet)
Regen    0.2/turn               (no ring)
MPRegen  0.2/turn               l - ring of protection from magic

@: no status effects
A: no food or potions, fire vulnerability, cold resistance 1, negative energy
resistance 3, torment resistance, unbreathing
a: Potion Petition, Call Merchant, Bribe Branch, Renounce Religion


You were on level 5 of the Dungeon.
You worshipped Gozag.
Gozag was aware of your devotion.
You were not hungry.

You visited 2 branches of the dungeon, and saw 6 of its levels.

You collected 468 gold pieces.
You paid 48 gold pieces to Gozag.

Inventory:

Hand Weapons
 a - a +0 flail (weapon)
 g - a +0 short sword
Armour
 p - a +1 robe (worn)
Jewellery
 l - a ring of protection from magic (left hand)
Scrolls
 c - a scroll of teleportation
 d - a scroll of fog
 e - a scroll of identify
 f - 2 scrolls of enchant armour
 h - 3 scrolls of immolation
 i - 2 scrolls of magic mapping
 j - a scroll of recharging {unknown}
 k - a scroll of fear
 m - a scroll of amnesia {unknown}
 n - a scroll of remove curse
 o - a scroll of blinking {unknown}
Books
 b - a book of Necromancy

   Spells                             Type                      Level
   a - Pain                           Necromancy                   1
   b - Animate Skeleton               Necromancy                   1
   c - Vampiric Draining              Necromancy                   3
   d - Regeneration                   Charms/Necromancy            3
   e - Animate Dead                   Necromancy                   4
   f - Control Undead                 Necromancy                   4


   Skills:
 + Level 1.0 Fighting
 + Level 1.9 Dodging
 - Level 1.5 Stealth
 - Level 7.1 Spellcasting
 - Level 7.3 Necromancy


You had 8 spell levels left.
You knew the following spells:

 Your Spells              Type           Power        Failure   Level  Hunger
a - Pain                  Necr           ####         1%          1    N/A
b - Vampiric Draining     Necr           ####......   1%          3    N/A
c - Control Undead        Necr           ####......   8%          4    N/A
d - Animate Dead          Necr           N/A          8%          4    N/A

Dungeon Overview and Level Annotations

Branches:
Dungeon (5/15)             Temple (1/1) D:4

Altars:
Ashenzari
Dithmenos
Elyvilon
Gozag
Makhleb
Nemelex Xobeh
Qazlal
Ru
Sif Muna
Trog
Xom
Zin

Annotations:
D:5 junb69's ghost, novice TeCj


Innate Abilities, Weirdness & Mutations

You do not eat or drink.
Your flesh is vulnerable to fire.
You are immune to poison.
Your flesh is cold resistant. (rC+)
You are immune to negative energy. (rN+++)
You are immune to unholy pain and torment.
You can survive without breathing.


Message History

You hit junb69's ghost.
Junb69's ghost is lightly damaged.
Junb69's ghost hits you.
Junb69's ghost gestures at you while chanting.
The magic dart hits you!
You completely miss junb69's ghost.
Junb69's ghost is lightly damaged.
Junb69's ghost gestures at you while chanting.
The lance of force hits you!
* * * LOW HITPOINT WARNING * * *
You are knocked back by the lance of force.
Junb69's ghost stares at you.
There is an escape hatch in the ceiling here.
Junb69's ghost casts a spell at you. The lance of force hits you!
* * * LOW HITPOINT WARNING * * *
You are knocked back by the lance of force.
You slam into the rock wall!
You die...
Your body crumbles into a pile of gold.

..##.# ##...### #..
..#.. ##....... #...
#....##.....$.. ...
##.#............
#...###...............
#...... ##............
###.....####....!....$..
#....(#...####.....$....
#....@....##.......###
#.......W<........###
#..........#.#.##...##
#...................>.
#....>....##...###?...
#.........#...... ..##
#...........#.##.#
##########..#.# ...
#.(#.# .##


You could see junb69's ghost.

Vanquished Creatures
  An ice beast (D:5)
  A necrophage (D:4)
  A water moccasin zombie (D:5)
  4 scorpions (D:4)
  A hound (D:3)
  2 orc priests (D:3)
  An iguana (D:4)
  2 orc wizards (D:4)
  A hound skeleton (D:4)
  A gnoll (D:1)
  5 adders
  2 oozes
  3 worms
  6 dart slugs
  A leopard gecko (D:5)
  6 orcs
  6 giant cockroaches
  4 goblins
  4 hobgoblins
  9 kobolds
  2 quokkas
  A ball python skeleton (D:4)
  3 bats
  6 frilled lizards
  7 rats
80 creatures vanquished.

Notes
Turn   | Place    | Note
-------+----------+-------------------------------------------
     0 | D:1      | Alarkh the Mummy Necromancer began the quest for the Orb.
     0 | D:1      | Reached XP level 1. HP: 13/13 MP: 4/4
    69 | D:1      | Reached XP level 2. HP: 14/19 MP: 1/6
   191 | D:1      | Reached XP level 3. HP: 13/24 MP: 0/8
   196 | D:1      | Learned a level 3 spell: Vampiric Draining
   673 | D:2      | Reached XP level 4. HP: 17/30 MP: 0/10
  1199 | D:3      | Found an opulent altar of Gozag.
  1274 | D:3      | Became a worshipper of Gozag Ym Sagoz the Greedy
  1313 | D:3      | Reached skill level 5 in Necromancy
  1363 | D:3      | Reached XP level 5. HP: 19/35 MP: 0/12
  1506 | D:3      | Reached skill level 5 in Spellcasting
  1578 | D:3      | Found a burning altar of Makhleb.
  1933 | D:3      | Found a faded altar of an unknown god.
  2316 | D:4      | Found a sparkling altar of Nemelex Xobeh.
  2381 | D:4      | Found a staircase to the Ecumenical Temple.
  2389 | D:4      | Reached XP level 6. HP: 30/41 MP: 14/14
  2395 | D:4      | Learned a level 4 spell: Control Undead
  2400 | D:4      | Learned a level 4 spell: Animate Dead
  2405 | Temple   | Entered the Ecumenical Temple
  2819 | D:4      | Found a shimmering altar of Xom.
  2923 | D:5      | Entered Level 5 of the Dungeon
  3078 | D:5      | Noticed junb69's ghost (novice TeCj)
  3085 | D:4      | Reached XP level 7. HP: 17/46 MP: 17/17
  3541 | D:5      | Noticed a hand axe
  3542 | D:5      | Noticed a dagger
  3739 | D:5      | Upgraded the game from 0.20-a0-680-g5c496f5 to 0.20-a0-681-gf83e07f
  3750 | D:5      | Reached skill level 1 in Fighting
  3895 | D:5      | Collided with a rock wall

Vault maps used:
D:1:      eino_arrival_cavern_a, minmay_tromino_v4_c
D:2:      mrwooster_statue_mirror
D:3:      overflow_temple_1_default, first_bread,
          chequers_ecumenical_altar_grove, makhleb_blood_cavern_becter
D:4:      nemelex_xobeh_ov_fountains_minmay,
          minmay_temple_entry_enclosed_plants, brannock_xom_greatest_gift
D:5:      kennysheep_mini, dancing_weapons_uskayaw
Temple:   dpeg_three_leaves_temple

Skill      XL: |  1  2  3  4  5  6  7 |
---------------+----------------------+-----
Spellcasting   | 3 4 5 6 7 |  7.1
Necromancy     | 5 6 7 |  7.3
Fighting       | 1 |  1.0
Dodging        | |  1.9
Stealth        | |  1.5

Action                   |  1- 3 |  4- 6 |  7- 9 || total
-------------------------+-------+-------+-------++-------
Melee: Short sword       |    37 |    26 |       ||    63
       Flail             |       |    13 |    24 ||    37
 Cast: Pain              |    56 |   103 |    10 ||   169
       Vampiric Draining |       |       |     2 ||     2
  Use: Scroll            |     1 |     6 |       ||     7
 Stab: Sleeping          |     1 |     2 |       ||     3
Armor: Robe              |     7 |    13 |     4 ||    24
Dodge: Dodged            |    30 |    42 |    25 ||    97
